 Dungeon Crawl Stone Soup version 0.31.0-32-g396128a36d (webtiles) character file.

Game seed: 18337045592459335984

961 hawla the Arsonist (level 7, -1/36 HPs)
             Began as a Deep Elf Fire Elementalist on Apr 16, 2024.
             Slain by an iguana (12 damage)
             ... on level 5 of the Dungeon.
             The game lasted 00:13:29 (4661 turns).

hawla the Arsonist (Deep Elf Fire Elementalist)     Turns: 4661, Time: 00:13:30

Health: -1/36      AC:  5    Str:  5    XL:     7   Next: 92%
Magic:  8/13       EV: 13    Int: 22    God:
Gold:   322        SH:  0    Dex: 15    Spells: 5/12 levels left

rFire   . . .        k - +1 dagger (venom)
rCold   . . .        (no shield)
rNeg    . . .        a - +0 robe
rPois   +            l - +0 helmet
rElec   .            (no cloak)
rCorr   .            b - +0 pair of gloves
SInv    .            i - +0 pair of boots
Will    .....        (no amulet)
Stlth   ++           e - ring of poison resistance
HPRegen 0.26/turn    (no ring)
MPRegen 0.13/turn

%: no passive effects
@: no status effects
A: no striking features
a: no special abilities


You were on level 5 of the Dungeon.
You visited 1 branch of the dungeon, and saw 5 of its levels.

You collected 322 gold pieces.

Inventory:

Hand Weapons
 k - a +1 dagger of venom (weapon)
Armour
 a - a +0 robe (worn)
 b - a +0 pair of gloves (worn)
 i - a +0 pair of boots (worn)
 l - a +0 helmet (worn)
Jewellery
 e - a ring of poison resistance (left hand)
Wands
 c - a wand of iceblast (5)
Scrolls
 j - a scroll of identify
Potions
 d - a potion of haste {unknown}
 f - 4 potions of curing {unknown}
 g - 2 potions of brilliance {unknown}
 h - a potion of cancellation {unknown}


   Skills:
 - Level 3.6 Dodging
 - Level 2.4 Stealth
 - Level 3.0 Spellcasting
 - Level 1.1 Conjurations
 + Level 14.8 Fire Magic
 - Level 2.2 Evocations


You had 5 spell levels left.
You knew the following spells:

 Your Spells              Type           Power      Damage    Failure   Level
a - Foxfire               Conj/Fire      100%       2x1d9     1%          1
b - Scorch                Fire           100%       2d9       1%          2
c - Flame Wave            Conj/Fire      38%        2d10      4%          4

Your spell library contained the following spells:

 Spells                   Type           Power      Damage    Failure   Level
 Inner Flame              Hex/Fire       36%        N/A       1%          3
 Volatile Blastmotes      Fire/Tloc      72%        2d16      1%          3
 Magic Dart               Conj           32%        1d4       8%          1
 Slow                     Hex            12%        N/A       12%         1
 Searing Ray              Conj           16%        2d5       12%         2
 Ensorcelled Hibernation  Hex/Ice        6%         N/A       19%         2
 Jinxbite                 Hex            6%         N/A       19%         2
 Confusing Touch          Hex            3%         N/A       36%         3
 Fugue of the Fallen      Necr           3%         N/A       36%         3
 Sigil of Binding         Hex            3%         N/A       36%         3
 Vampiric Draining        Necr           3%         2d6       36%         3
 Fulminant Prism          Conj/Alch      2%         3d5       69%         4
 Anguish                  Hex/Necr       1%         N/A       77%         4
 Yara's Violent Unravell  Hex/Alch       1%         3d3       98%         5
 Enfeeble                 Hex            1%         N/A       100%        7


Dungeon Overview and Level Annotations

Branches:
Dungeon (5/15)             Temple (0/1) D:4

Altars:
Ashenzari
Makhleb
Xom

Shops:
D:1 =


Message History

You puncture the howler monkey!
The howler monkey is poisoned.
The howler monkey is heavily wounded.
The howler monkey hoots and howls with incredible vigour!
You hear a shout!
You closely miss the howler monkey.
The howler monkey is heavily wounded.
The howler monkey completely misses you.
The iguana bites you!
A shadow imp comes into view.
You hit the howler monkey.
The howler monkey is severely wounded.
The howler monkey hits you but does no damage.
The iguana barely misses you.
You hit the howler monkey but do no damage.
The howler monkey is severely wounded.
The howler monkey barely misses you. The iguana completely misses you.
The howler monkey hits you.
Casting: Foxfire (safe; 1% risk of failure)
Confirm with . or Enter, or press ? or * to list all spells.
Okay, then.
Casting: Flame Wave (quite dangerous; 4% risk of failure)
Confirm with . or Enter, or press ? or * to list all spells.
Casting: Flame Wave (quite dangerous; 4% risk of failure)
Press: ? - help, Dir - look around, f - activate A wave of flame ripples out!
The flame wave engulfs the howler monkey.
The howler monkey is almost dead.
The flame wave engulfs the iguana.
The iguana is moderately wounded. (Press . to intensify the flame waves.)
The howler monkey hoots and howls with incredible vigour!
The iguana bites you!
* * * LOW HITPOINT WARNING * * *
A wave of flame ripples out!
The flame wave engulfs the howler monkey.
You kill the howler monkey!
The flame wave engulfs the iguana!
The iguana is almost dead.
The iguana bites you!
You die...

.. ...>.......#
.....##......##..#
.............##..#######
.....^...# #............
.....!...# #..#..#######
#.5.....###.....#######
...##...$.......#..........
#..##.....l...........###..
#..##.....@...#.###.####...
#..#####..........#.# #...
#..# #.##...###.#.# #...
######..# #. #.)... ...#
#... #.......#####.####.###
### ##.. #.##..........#
#.. ##. #.##[#.#..###.#
#.#. #. #.##.#....# .# .#.#
#. ##.##.###..###.# #.


You could see an iguana and a shadow imp.

Vanquished Creatures
  An ice beast (D:5)
  A black bear (D:5)
  2 ogres
  A scorpion (D:5)
  2 howler monkeys (D:5)
  2 bombardier beetles
  An orc priest (D:5)
  A jelly (D:5)
  A sleepcap (D:4)
  Ijyb (D:5)
  An iguana (D:4)
  7 adders
  A white imp (D:5)
  3 dart slugs
  A ribbon worm (D:3)
  7 orcs
  5 bats
  2 endoplasms
  2 giant cockroaches
  6 hobgoblins
  2 kobolds
  2 quokkas
  7 ball pythons
  4 frilled lizards
  16 goblins
  6 rats
85 creatures vanquished.

Vanquished Creatures (collateral kills)
  A foxfire (D:2)
1 creature vanquished.

Vanquished Creatures (others)
  179 foxfires
179 creatures vanquished.

Grand Total: 265 creatures vanquished

Notes
Turn   | Place    | Note
-------+----------+-------------------------------------------
     0 | D:1      | hawla the Deep Elf Fire Elementalist began the quest for
                  | the Orb.
     0 | D:1      | Reached XP level 1. HP: 10/10 MP: 6/6
   214 | D:1      | Reached skill level 1 in Evocations
   319 | D:1      | Reached XP level 2. HP: 14/15 MP: 2/8
   591 | D:1      | Learned a level 2 spell: Scorch
   717 | D:1      | Found Zainom's Jewellery Shoppe.
   927 | D:2      | Reached XP level 3. HP: 18/19 MP: 3/9
  1217 | D:2      | Found a shimmering altar of Xom.
  1426 | D:2      | Reached skill level 4 in Fire Magic
  1950 | D:3      | Reached XP level 4. HP: 23/24 MP: 5/10
  1956 | D:3      | Learned a level 4 spell: Flame Wave
  2375 | D:3      | Found a shimmering altar of Xom.
  2855 | D:4      | Reached skill level 5 in Fire Magic
  2998 | D:4      | Reached XP level 5. HP: 28/28 MP: 8/11
  3228 | D:4      | Found a broken altar of Ashenzari.
  3256 | D:4      | You fall into a shaft and drop 1 floor!
  3256 | D:5      | Entered Level 5 of the Dungeon
  3256 | D:5      | Found a burning altar of Makhleb.
  3318 | D:4      | Reached skill level 14 in Fire Magic
  3318 | D:4      | Reached XP level 6. HP: 32/32 MP: 12/12
  3330 | D:4      | Found a staircase to the Ecumenical Temple.
  3935 | D:5      | Reached XP level 7. HP: 24/36 MP: 9/13
  4001 | D:5      | Noticed Ijyb
  4005 | D:5      | Killed Ijyb
  4661 | D:5      | Slain by an iguana

Illustrated notes

Levels and vault maps discovered:
D:1:      minmay_arrival_hallway, layout_loops_ring, serial_shops, shop
D:2:      cheibrodos_old_hovel, layout_loops_cross, basic_altar
D:3:      layout_loops_ring, led_xom_imps
D:4:      layout_gridville, mainiacjoe_overflow_small_starburst,
          temple_fountains, minmay_ogre_servants
D:5:      layout_loops_ring, kennysheep_mini_moat, bloody_makhleb, uniq_ijyb

Skill      XL: |  1  2  3  4  5 |
---------------+----------------+-----
Evocations     | 1 2 |  2.2
Dodging        | 3 |  3.6
Fire Magic     | 4 5 14 | 14.8
Stealth        | |  2.4
Spellcasting   | |  3.0
Conjurations   | |  1.1

Action                     |  1- 3 |  4- 6 |  7- 9 || total
---------------------------+-------+-------+-------++-------
  Melee: Unarmed           |     3 |    30 |     2 ||    35
         Dagger            |       |       |     5 ||     5
   Cast: Foxfire           |    54 |    39 |    12 ||   105
         Scorch            |    13 |    17 |    14 ||    44
         Flame Wave        |       |     2 |     3 ||     5
    Use: Potion            |     1 |     3 |       ||     4
         Scroll            |     1 |     6 |       ||     7
   Stab: Sleeping          |       |       |     1 ||     1
 Armour: Robe              |    13 |     8 |     7 ||    28
         Skin              |       |    29 |       ||    29
  Dodge: Dodged            |    28 |    12 |    10 ||    50
